 Dungeon Crawl Stone Soup version 0.27-a0-1149-g4505690ab0 (webtiles) character file.

Game seed: 3602573100713897993

260635 GordonOverkill the Warrior (level 20, -5/158 HPs)
             Began as a Djinni Ice Elementalist on Apr 25, 2021.
             Was the Champion of Wu Jian.
             Slain by a vault warden
             ... wielding a +2 long sword of holy wrath
              (35 damage)
             ... on level 1 of the Vaults on May 13, 2021.
             The game lasted 03:10:13 (74655 turns).

GordonOverkill the Warrior (DjIE)                  Turns: 74655, Time: 03:10:13

Health: -5/158     AC: 23    Str: 13    XL:     20   Next: 75%
Gold:   214        EV: 23    Int: 24    God:    Wu Jian [******] SH: 11 Dex: 32

rFire    + + +     SeeInvis .   t - +9 rapier (elec)
rCold    + . .     Faith    .   k - +2 buckler
rNeg     + . .     Spirit   .   r - +0 leather armour of Xosaxt {Contam rElec Str+3 Dex+8}
rPois    ∞         Reflect  .   R - +1 helmet of Fun {Dex+5}
rElec    +         Harm     .   H - +2 cloak {Stlth+}
rCorr    +         Rampage  .   V - +2 pair of gloves {Dex+3}
Will     +++++     Clarity  +   (boots unavailable)
Stlth    ++++......             n - amulet of the Four Winds {rN+ Will+++ Clar}
HPRegen  0.36/turn              q - ring of ice
MPRegen  0.00/turn              g - ring "Tyerghaomp" {rF++ rC+ rCorr Str+3}

@: ice-armoured, freezing walls, flying
A: sickness immunity, fire resistance 2, cold vulnerability 1, float, innate
caster, hp casting, extra vitality 1
}: 2/15 runes: decaying, serpentine
a: Renounce Religion, Wall Jump, Serpent's Lash, Heavenly Storm


You were on level 1 of the Vaults.
You worshipped Wu Jian.
Wu Jian was exalted by your worship.
You visited 6 branches of the dungeon, and saw 32 of its levels.

You collected 3907 gold pieces.
You spent 3693 gold pieces at shops.

Inventory:

Hand Weapons
 t - a +9 rapier of electrocution (weapon)
 X - a +2 scimitar of flaming
Missiles
 z - 3 throwing nets (quivered)
Armour
 k - a +2 buckler (worn)
 l - a +3 leather armour of cold resistance
 r - the +0 leather armour of Xosaxt (worn) {Contam rElec Str+3 Dex+8}
   (You bought it in a shop on level 2 of the Orcish Mines)

   It affects your strength (+3).
   It affects your dexterity (+8).
   It insulates you from electricity.
   It causes magical contamination when unequipped.
 H - a +2 cloak of stealth (worn)
 R - the +1 helmet of Fun (worn) {Dex+5}
   (You found it on level 4 of the Lair of Beasts)

   It affects your dexterity (+5).
 V - a +2 pair of gloves of dexterity (worn)
Jewellery
 a - a ring of protection from cold
 g - the ring "Tyerghaomp" (right hand) {rF++ rC+ rCorr Str+3}
   (You bought it in a shop on level 1 of the Vaults)

   [ring of resist corrosion]

   It affects your strength (+3).
   It greatly protects you from fire.
   It protects you from cold.
   It protects you from acid and corrosion.
 n - the amulet of the Four Winds (around neck) {rN+ Will+++ Clar}
   (You found it on level 1 of the Snake Pit)

   [amulet of nothing]

   It protects you from negative energy.
   It protects you against confusion.
   It greatly increases your willpower.
 q - a ring of ice (left hand)
 L - a +4 ring of evasion
 Q - a ring of see invisible
 T - a ring of wizardry
Wands
 h - a wand of paralysis (3)
 o - a wand of flame (86)
 v - a wand of iceblast (42)
 y - a wand of polymorph (6)
 A - a wand of acid (5)
 C - a wand of charming (17)
 K - a wand of digging (10)
Scrolls
 c - a scroll of silence
 d - 5 scrolls of fog
 f - 18 scrolls of teleportation
 x - 2 scrolls of fear
 B - a scroll of holy word
 G - 2 scrolls of brand weapon
 J - a scroll of magic mapping
 N - 7 scrolls of identify
 O - a scroll of enchant armour
 W - a scroll of enchant weapon
 Z - 2 scrolls of summoning
Potions
 b - a potion of ambrosia
 e - 13 potions of curing
 j - 6 potions of mutation
 p - 4 potions of attraction
 u - a potion of cancellation
 w - 2 potions of magic {unknown}
 D - a potion of haste
 E - 3 potions of flight
 F - 3 potions of might
 I - 5 potions of resistance
 P - 2 potions of lignification
 S - 6 potions of brilliance
 U - a potion of berserk rage
Miscellaneous
 i - a phantom mirror
 M - a tin of tremorstones (inert)
 Y - a box of beasts


   Skills:
 + Level 18.9 Fighting
 + Level 7.8 Short Blades
 - Level 2.0 Throwing
 - Level 7.0 Armour
 - Level 10.0 Dodging
 - Level 2.0 Stealth
 + Level 8.8 Shields
 - Level 15.0 Spellcasting
 - Level 15.0 Evocations


You couldn't memorise any spells.
You knew the following spells:

 Your Spells              Type           Power      Damage    Failure   Level
a - Freeze                Ice            100%       1d11      0%          1
b - Frozen Ramparts       Ice            100%       1d12      1%          3
c - Ozocubu's Armour      Ice            94%        N/A       1%          3
d - Hailstorm             Conj/Ice       94%        3d19      1%          4
e - Metabolic Englaciati  Hex/Ice        47%        N/A       1%          5
f - Corona                Hex            82%        N/A       0%          1
g - Static Discharge      Conj/Air       74%        N/A       0%          2
h - Searing Ray           Conj           100%       3d7       0%          2
i - Leda's Liquefaction   Hex/Erth       37%        N/A       1%          4
j - Fulminant Prism       Conj/Hex       37%        3d18      1%          4
k - Silence               Hex/Air        37%        N/A       1%          5
l - Dispersal             Tloc           37%        N/A       1%          6
m - Blade Hands           Tmut           37%        N/A       1%          6
n - Spellforged Servitor  Conj/Summ      37%        N/A       7%          7
Your spell library was empty.

Dungeon Overview and Level Annotations

Branches:
Dungeon (15/15)            Temple (0/1) D:5            Lair (6/6) D:8
  Swamp (4/4) Lair:2        Snake (4/4) Lair:2        Slime (0/5) Lair:6
    Orc (2/2) D:12            Elf (0/3) Orc:2        Vaults (1/5) D:13
 Depths (0/5) D:15

Altars:
Dithmenos
Fedhas
Gozag
Hepliaklqana
Kikubaaqudgha
Makhleb
Nemelex Xobeh
Ru
Trog
Uskayaw
Vehumet
Wu Jian
Xom
Yredelemnul
The Shining One
Jiyva

Shops:
D:8 [(?[[   Orc:2 *[:*   Snake:4 !*   Vaults:1 =

Portals:
Trove: D:10 (give 2 scrolls of acquirement)

Annotations:
Swamp:3 3 runed translucent doors, Qehui's ghost, adept KoHu
Vaults:1 Saint Roka


Innate Abilities, Weirdness & Mutations

You are immune to sickness and miasma.
You are immune to poison.
Your flesh is very heat resistant. (rF++)
You are vulnerable to cold. (rC-)
You float through the air rather than walking.
You learn spells naturally, not from books.
Your magical power is your life essence.
You have superior vitality. (+4 HP)


Message History

The wall freezes the vault warden.
The vault warden hits you with a +2 long sword of holy wrath!
* * * LOW HITPOINT WARNING * * *
The wall freezes the vault guard!
The ironbound convoker points at the vault sentinel and mumbles some strange words.
The vault sentinel seems to grow stronger.
The wall freezes the ironbound preserver.
Casting: Hailstorm (safe; 1% risk of failure)
Confirm with . or Enter, or press ? or * to list all spells.
Casting: Hailstorm (safe; 1% risk of failure)
Press: ? - help, Dir - look around, f - activate You feel a surge of power!
A cannonade of hail descends around you!
The hail pelts the ironbound preserver!!
The ironbound preserver is severely wounded.
The hail pelts the vault guard!
The vault guard is severely wounded.
The hail pelts the vault guard!!
You kill the vault guard!
The Council accepts your kill.
* * * LOW HITPOINT WARNING * * *
The wall freezes the vault warden!
Casting: Hailstorm (safe; 1% risk of failure)
Confirm with . or Enter, or press ? or * to list all spells.
Casting: Hailstorm (safe; 1% risk of failure)
Press: ? - help, Dir - look around, f - activate You feel a surge of power!
A cannonade of hail descends around you!
The hail pelts the ironbound preserver!!
You kill the ironbound preserver!
The Council accepts your kill.
The hail pelts the vault guard.
The vault guard is almost dead.
The hail pelts the ironbound convoker!!
You kill the ironbound convoker!
The Council accepts your kill.
* * * LOW HITPOINT WARNING * * *
The wall freezes the vault warden!
The vault warden hits you with a +2 long sword of holy wrath!!
You die...

#.....#.###...
#.....#...c#
#.....+.cc.#
#.....#....#
#.....#..).cc. .
#.....############ ..p##
#.................
...'..#p................
...'p))@..).............
...'))##############'###
...## #........# .
#........# #........#
#........# #........#
#........# ##########


You could see a vault warden, a vault guard (strong) and a vault sentinel
(strong, catching breath).

Vanquished Creatures
  Vashnia (Snake:3)
  Rupert (Orc:2)
  Frances (D:13)
  A thorn hunter (Swamp:3)
  Donald (Orc:2)
  Gastronok (Lair:3)
  A fenstrider witch (Swamp:4)
  5 nagarajas (Snake:4)
  3 vault wardens
  Aizul (Lair:2)
  Louise (Swamp:4)
  4 ironbound preservers (Vaults:1)
  4 very ugly things (Vaults:1)
  5 bunyips
  A dire elephant (D:13)
  4 eleionomae
  3 shambling mangroves
  12 naga warriors
  2 yaktaur captains (Vaults:1)
  Erolcha (D:13)
  10 vault guards
  15 hydras
  4 salamander tyrants
  Fannar (Lair:3)
  An ironbound frostheart (Vaults:1)
  A ghost crab (Swamp:2)
  2 boulder beetles
  5 catoblepae
  6 two-headed ogres
  8 centaur warriors
  6 alligators
  18 anacondas
  A death knight (D:14)
  A vampire mage (D:15)
  9 death yaks
  An ironbound beastmaster (Vaults:1)
  Urug (Lair:6)
  23 naga sharpshooters
  11 shock serpents
  5 orc high priests
  A deep elf knight (D:13)
  7 spriggans
  3 skeletal warriors
  A fire crab (Lair:6)
  13 salamander mystics
  5 sea snakes (Snake:2)
  3 spriggan druids
  2 goliath frogs (Swamp:4)
  7 swamp dragons
  2 spectral hydras (Swamp:4)
  3 deep trolls (Vaults:1)
  4 naga ritualists
  2 wizards (Vaults:1)
  5 bog bodies
  4 lindwurms (Snake:4)
  2 phantasmal warriors (Swamp:4)
  2 ironbound convokers (Vaults:1)
  12 ugly things
  2 deep elf pyromancers (D:14)
  4 orc knights
  Pikel (D:9)
  A necromancer (D:15)
  2 oklob plants (Lair:1)
  7 orc sorcerers
  17 salamanders
  11 mana vipers
  4 cyclopes
  A fire giant zombie (D:15)
  3 will-o-the-wisps
  2 stone giant skeletons (D:15)
  2 manticores (Lair:6)
  Maurice (D:8)
  31 black mambas
  9 guardian serpents
  14 naga magi
  5 vault sentinels (Vaults:1)
  2 gargoyles
  3 elephants (Lair:2)
  12 cane toads
  A torpor snail (Lair:2)
  Maggie (D:9)
  5 yaktaurs (Vaults:1)
  3 efreet
  A freezing wraith (D:14)
  3 swamp worm zombies (Swamp:4)
  5 rime drakes
  5 komodo dragons
  2 guardian mummies (D:10)
  3 meliai (D:14)
  5 trolls
  4 bloated husks
  A queen bee (Lair:2)
  4 hydra zombies (Swamp:4)
  3 polar bears
  17 tyrant leeches
  12 hornets
  13 blink frogs
  18 slime creatures
  An alligator zombie (Swamp:4)
  Grinder (D:3)
  2 shadows
  A redback (shapeshifter) (D:15)
  A spriggan skeleton (D:15)
  3 wraiths
  Sigmund (D:5)
  47 yaks
  3 wyverns
  A human (D:13)
  2 basilisks
  A steam dragon (D:8)
  2 wargs
  Menkaure (D:5)
  12 vampire mosquitoes
  22 swamp worms
  3 acid dragons
  38 nagas
  23 water moccasins
  2 hell hounds (Lair:3)
  2 black bears
  2 swamp drakes
  Duvessa (D:4)
  A sky beast (D:7)
  A swamp dragon zombie (Swamp:4)
  37 orc warriors
  2 ogres
  A necrophage (D:5)
  5 centaurs
  7 wolves
  3 phantoms
  2 kobold brigands
  Blork the orc (D:5)
  2 scorpions (D:8)
  17 bullfrogs
  2 gnoll sergeants
  Dowan (D:4)
  A water moccasin zombie (D:5)
  A water moccasin skeleton (D:4)
  5 killer bees (D:9)
  13 wights
  3 electric eels (Snake:2)
  A howler monkey (D:6)
  4 centaur zombies
  A crimson imp (D:6)
  3 jellies
  A hound (D:2)
  A gnoll shaman (D:5)
  35 orc priests
  A centaur skeleton (D:6)
  An iguana (D:4)
  36 orc wizards
  Terence (D:3)
  Natasha (thrice) (D:2)
  A spectral swamp drake (Swamp:4)
  8 hell rats
  Robin (D:2)
  15 gnolls
  A howler monkey skeleton (D:6)
  5 adders
  6 river rats (Lair:6)
  3 swamp drake zombies (Swamp:4)
  A white imp (D:7)
  A dart slug (D:3)
  72 orcs
  8 ball pythons
  6 bats
  11 endoplasms
  7 giant cockroaches
  16 goblins
  4 hobgoblins
  18 jackals
  3 quokkas
  A frilled lizard (D:2)
  14 kobolds
  12 rats
  A bush (Lair:6)
  A fulminant prism (Swamp:2)
1081 creatures vanquished.

Vanquished Creatures (collateral kills)
  A bone dragon (Swamp:4)
  A spectral hydra (Swamp:4)
  A vampire mosquito (Swamp:1)
3 creatures vanquished.

Vanquished Creatures (others)
  An eleionoma (Swamp:4)
  A hydra (Swamp:4)
  A death drake (Swamp:4)
  A phantasmal warrior (Swamp:4)
  A wizard (Vaults:1)
  A black mamba (Lair:2)
  3 bloated husks (Swamp:4)
  2 hydra zombies (Swamp:4)
  A spectral swamp dragon (Swamp:4)
  An alligator zombie (Swamp:4)
  A naga (Snake:2)
  2 phantoms (Swamp:4)
  A river rat (Lair:6)
  18 foxfires
  381 fulminant prisms
  75 fungi
  123 plants
  9 withered plants (D:15)
623 creatures vanquished.

Grand Total: 1707 creatures vanquished

Notes
Turn   | Place    | Note
-------+----------+-------------------------------------------
     0 | D:1      | GordonOverkill the Djinni Ice Elementalist began the quest
                  | for the Orb.
     0 | D:1      | Reached XP level 1. HP: 15/15 MP: 0/0
   120 | D:1      | Reached XP level 2. HP: 8/22 MP: 0/0
   471 | D:1      | Reached skill level 1 in Fighting
   977 | D:1      | Reached XP level 3. HP: 17/27 MP: 0/0
   977 | D:1      | Learned a level 1 spell: Corona
  2114 | D:2      | Found a faded altar of an unknown god.
  2128 | D:2      | Became a worshipper of the Wu Jian Council
  2128 | D:2      | Reached * piety under Wu Jian
  2142 | D:2      | Noticed Robin
  2479 | D:2      | Reached skill level 2 in Fighting
  2479 | D:2      | Reached XP level 4. HP: 27/34 MP: 0/0
  2618 | D:2      | Killed Robin
  3094 | D:2      | Reached ** piety under Wu Jian
  3096 | D:2      | Reached XP level 5. HP: 36/40 MP: 0/0
  3096 | D:2      | Learned a level 2 spell: Static Discharge
  3416 | D:2      | Noticed Natasha
  3439 | D:2      | Killed Natasha
  3440 | D:2      | Reached skill level 3 in Fighting
  3482 | D:2      | Noticed Natasha
  3488 | D:2      | Killed Natasha
  3726 | D:3      | Noticed Grinder
  3755 | D:2      | Noticed Natasha
  3761 | D:2      | Killed Natasha
  3952 | D:3      | Noticed Terence
  3958 | D:3      | Killed Terence
  3959 | D:3      | Reached XP level 6. HP: 42/47 MP: 0/0
  4271 | D:3      | Paralysed by Grinder for 3 turns
  4273 | D:3      | Reached skill level 5 in Spellcasting
  4455 | D:3      | Paralysed by Grinder for 5 turns
  4975 | D:3      | Killed Grinder
  4976 | D:3      | Reached skill level 4 in Fighting
  5125 | D:4      | Reached XP level 7. HP: 37/53 MP: 0/0
  5125 | D:4      | Learned a level 2 spell: Searing Ray
  5357 | D:4      | You are sucked into a shaft and drop 1 floor!
  5357 | D:5      | Entered Level 5 of the Dungeon
  5426 | D:5      | Reached skill level 5 in Fighting
  6620 | D:4      | Noticed Duvessa
  6621 | D:4      | Noticed Dowan
  6627 | D:4      | Killed Duvessa
  6628 | D:4      | Reached skill level 6 in Fighting
  6628 | D:4      | Reached XP level 8. HP: 39/61 MP: 0/0
  6628 | D:4      | Killed Dowan
  6837 | D:4      | Reached *** piety under Wu Jian
  7362 | D:5      | Noticed Sigmund
  7370 | D:5      | Killed Sigmund
  7522 | D:5      | Found a staircase to the Ecumenical Temple.
  7526 | D:5      | Noticed Blork the orc
  7539 | D:5      | Killed Blork the orc
  7540 | D:5      | Reached skill level 7 in Fighting
  7621 | D:5      | Noticed Menkaure
  7624 | D:5      | Killed Menkaure
  7840 | D:5      | Found a basalt altar of Yredelemnul.
  8554 | D:6      | Reached XP level 9. HP: 61/68 MP: 0/0
  8554 | D:6      | Learned a level 4 spell: Leda's Liquefaction
  8671 | D:6      | Reached skill level 1 in Throwing
  9018 | D:6      | Reached skill level 8 in Fighting
  9605 | D:6      | Found a burning altar of Makhleb.
 10192 | D:7      | Found a sparkling altar of Nemelex Xobeh.
 10196 | D:7      | Found a hide-covered altar of Uskayaw.
 10196 | D:7      | Found an opulent altar of Gozag.
 10204 | D:7      | Found a hazy altar of Hepliaklqana.
 10207 | D:7      | Found a shadowy altar of Dithmenos.
 10303 | D:7      | Reached skill level 9 in Fighting
 10796 | D:7      | Reached **** piety under Wu Jian
 10798 | D:7      | Reached XP level 10. HP: 72/78 MP: 0/0
 11188 | D:8      | Found Kisayfo's Magic Scroll Shop.
 11188 | D:8      | Noticed Maurice
 11191 | D:8      | Killed Maurice
 11355 | D:8      | Bought a scroll of teleportation for 48 gold pieces
 11355 | D:8      | Bought a scroll of fog for 32 gold pieces
 11355 | D:8      | Bought a scroll of identify for 32 gold pieces
 11355 | D:8      | Bought a scroll of identify for 32 gold pieces
 11355 | D:8      | Bought a scroll of identify for 32 gold pieces
 11355 | D:8      | Bought a scroll of identify for 32 gold pieces
 11355 | D:8      | Bought a scroll of identify for 32 gold pieces
 11362 | D:8      | Identified a scroll of acquirement
 11363 | D:8      | Acquired 797 gold pieces
 11444 | D:8      | Reached skill level 10 in Fighting
 11444 | D:8      | Reached skill level 1 in Short Blades
 11529 | D:8      | Found a staircase to the Lair.
 11605 | D:8      | Noticed a gargoyle
 11608 | D:8      | Killed a gargoyle
 11655 | D:8      | Reached skill level 1 in Evocations
 11793 | D:8      | Found Qetig's Antique Armour Shop.
 12010 | D:8      | Reached ***** piety under Wu Jian
 12142 | D:8      | Found a shimmering altar of Xom.
 12158 | D:8      | Found Veusmemiani's Armour Shoppe.
 12166 | D:8      | Bought a +3 leather armour of cold resistance for 312 gold
                  | pieces
 12187 | D:8      | Found Qaceh's Antique Armour Emporium.
 12190 | D:8      | Bought a heavily runed ring mail for 207 gold pieces
 12190 | D:8      | Identified the +6 ring mail "Xufaem" {*Slow rPois Regen+
                  | Str+5 Int-3} (You bought it in a shop on level 8 of the
                  | Dungeon)
 12190 | D:8      | Bought a glowing cloak for 172 gold pieces
 12290 | D:8      | Found an ornate altar of the Wu Jian Council.
 12365 | D:8      | Found Wuroiv's Weapon Boutique.
 12668 | D:9      | Reached XP level 11. HP: 30/86 MP: 0/0
 12668 | D:9      | Learned a level 4 spell: Fulminant Prism
 12992 | D:9      | Noticed a two-headed ogre
 13003 | D:9      | Noticed Pikel
 13019 | D:9      | Your ally died
 13021 | D:9      | Killed a two-headed ogre
 13022 | D:9      | Reached skill level 10 in Spellcasting
 13134 | D:9      | Noticed Maggie
 13138 | D:9      | Killed Maggie
 13139 | D:9      | Reached skill level 11 in Fighting
 13502 | D:9      | Reached skill level 1 in Armour
 13695 | D:9      | Found a sacrificial altar of Ru.
 13696 | D:9      | Found a bloodstained altar of Trog.
 13699 | D:9      | Found a glowing golden altar of the Shining One.
 13713 | D:9      | Noticed a two-headed ogre
 13725 | D:9      | Killed a two-headed ogre
 14153 | D:10     | Entered Level 10 of the Dungeon
 14445 | D:10     | Reached skill level 1 in Shields
 14761 | D:10     | Found a portal to a secret trove of treasure.
 15055 | D:10     | Noticed a two-headed ogre
 15062 | D:10     | Killed a two-headed ogre
 15894 | D:11     | Reached skill level 12 in Fighting
 16016 | D:11     | Noticed a two-headed ogre
 16025 | D:11     | Killed a two-headed ogre
 16026 | D:11     | Reached XP level 12. HP: 63/96 MP: 0/0
 16780 | Lair:1   | Entered Level 1 of the Lair of Beasts
 16786 | Lair:1   | Reached skill level 13 in Fighting
 17126 | Lair:1   | Found a blossoming altar of Fedhas.
 18348 | Lair:2   | Noticed a catoblepas
 18756 | Lair:2   | Reached skill level 14 in Fighting
 18756 | Lair:2   | Killed a catoblepas
 19039 | Lair:2   | Noticed Harold
 19343 | Lair:2   | Found a staircase to the Snake Pit.
 19743 | Lair:2   | Reached skill level 15 in Fighting
 19916 | Lair:2   | Noticed a death yak
 19934 | Lair:2   | Killed a death yak
 19935 | Lair:2   | Reached XP level 13. HP: 64/107 MP: 0/0
 19935 | Lair:2   | Learned a level 5 spell: Silence
 20540 | Lair:2   | Noticed Harold
 20540 | Lair:2   | Harold changed into Harold the queen bee
 20547 | Lair:2   | Killed Harold the queen bee
 20885 | Lair:2   | Found a staircase to the Swamp.
 21496 | Lair:2   | Found a staircase to the Snake Pit.
 22170 | Lair:3   | Noticed Fannar
 22199 | Lair:3   | Killed Fannar
 22200 | Lair:3   | Reached skill level 5 in Short Blades
 22200 | Lair:3   | Reached skill level 5 in Evocations
 22508 | Lair:3   | Noticed Gastronok
 22563 | Lair:2   | Upgraded the game from 0.27-a0-1078-g0d77da13b5 to
                  | 0.27-a0-1149-g4505690ab0
 22698 | Lair:3   | Killed Gastronok
 23270 | Lair:3   | Killed a seven-headed hydra
 24129 | Lair:4   | Noticed a six-headed hydra
 24162 | Lair:4   | Killed a six-headed hydra
 24330 | Lair:4   | Identified the +1 helmet of Fun {Dex+5}
 24597 | Lair:4   | Reached skill level 10 in Spellcasting
 24980 | Lair:5   | Noticed an eight-headed hydra
 24995 | Lair:5   | Killed an eight-headed hydra
 24996 | Lair:5   | Reached XP level 14. HP: 95/114 MP: 0/0
 26488 | Lair:6   | Entered Level 6 of the Lair of Beasts
 26543 | Lair:6   | Noticed Urug
 26551 | Lair:6   | Killed Urug
 27464 | Lair:6   | Reached ****** piety under Wu Jian
 28258 | Lair:6   | Found a viscous altar of Jiyva.
 28258 | Lair:6   | Found a staircase to the Slime Pits.
 30108 | Lair:6   | Reached XP level 15. HP: 101/120 MP: 0/0
 30108 | Lair:6   | Learned a level 6 spell: Dispersal
 31079 | D:12     | Reached skill level 5 in Dodging
 31358 | D:12     | Found a staircase to the Orcish Mines.
 33328 | D:13     | Reached skill level 5 in Armour
 33544 | D:13     | Noticed Frances
 33875 | D:13     | Noticed Erolcha
 34129 | D:13     | Killed Erolcha
 35054 | D:13     | Found a gate to the Vaults.
 35495 | D:13     | Found a gate to the Vaults.
 35781 | D:13     | Killed Frances
 36965 | D:14     | Reached skill level 10 in Evocations
 37463 | D:14     | Reached skill level 16 in Fighting
 38046 | D:14     | Reached XP level 16. HP: 84/128 MP: 0/0
 38348 | D:14     | Found a glowing golden altar of the Shining One.
 38396 | D:15     | Entered Level 15 of the Dungeon
 38451 | D:15     | Found a staircase to the Depths.
 40682 | Orc:1    | Entered Level 1 of the Orcish Mines
 40697 | Orc:1    | Reached skill level 17 in Fighting
 42420 | Orc:2    | Entered Level 2 of the Orcish Mines
 42740 | Orc:2    | Noticed Rupert
 43280 | Orc:2    | Killed Rupert
 43827 | Orc:2    | Noticed Donald
 43836 | Orc:2    | Killed Donald
 44135 | Orc:2    | Found Diuhiyrph's General Store.
 44135 | Orc:2    | Found Piamn's Armour Shoppe.
 44136 | Orc:2    | Found Qotwex's General Store.
 44140 | Orc:2    | Found Luvyig's Book Emporium.
 44163 | Orc:2    | Found a staircase to the Elven Halls.
 44477 | Orc:2    | Bought a scroll of summoning for 171 gold pieces
 44477 | Orc:2    | Bought a scroll of enchant weapon for 135 gold pieces
 44477 | Orc:2    | Bought a potion of curing for 54 gold pieces
 44689 | Snake:1  | Entered Level 1 of the Snake Pit
 45106 | Snake:1  | You are sucked into a shaft and drop 1 floor!
 45554 | Snake:2  | Reached XP level 17. HP: 111/136 MP: 0/0
 45554 | Snake:2  | Learned a level 6 spell: Blade Hands
 45640 | Snake:2  | Found an opulent altar of Gozag.
 48677 | Snake:1  | Found the amulet of the Four Winds {rN+ Will+++ Clar}
 50486 | Orc:2    | Bought the +0 leather armour of Xosaxt {Contam rElec Str+3
                  | Dex+8} for 435 gold pieces
 50834 | Snake:1  | Identified the +3 shortbow "Filoedeb" {flame, rN+ Str+2}
 51680 | Snake:3  | Reached skill level 10 in Dodging
 53995 | Snake:3  | Identified the +7 war axe of Pestilence {freeze, Dex+4}
 53995 | Snake:3  | Noticed Vashnia
 54528 | Snake:3  | Killed Vashnia
 54529 | Snake:3  | Reached XP level 18. HP: 79/142 MP: 0/0
 55517 | Snake:4  | Entered Level 4 of the Snake Pit
 55742 | Snake:4  | Found Ifalen's Distillery.
 55752 | Snake:4  | Bought a potion of cancellation for 160 gold pieces
 55752 | Snake:4  | Bought a potion of heal wounds for 100 gold pieces
 55752 | Snake:4  | Bought a potion of curing for 60 gold pieces
 55752 | Snake:4  | Bought a potion of curing for 60 gold pieces
 55752 | Snake:4  | Bought a potion of mutation for 160 gold pieces
 55752 | Snake:4  | Bought a potion of haste for 200 gold pieces
 55752 | Snake:4  | Bought a potion of haste for 200 gold pieces
 55752 | Snake:4  | Bought 2 potions of brilliance for 160 gold pieces
 56688 | Snake:4  | Found Jaerr's General Store.
 60349 | Snake:4  | Reached XP level 19. HP: 76/148 MP: 0/0
 60349 | Snake:4  | Learned a level 7 spell: Spellforged Servitor
 61441 | Snake:4  | Got a serpentine rune of Zot
 61949 | Swamp:1  | Entered Level 1 of the Swamp
 62361 | Swamp:1  | Noticed Aizul
 62766 | Lair:2   | Killed Aizul
 63522 | Swamp:1  | Reached skill level 18 in Fighting
 64075 | Swamp:2  | Reached skill level 5 in Shields
 66046 | Swamp:3  | Found a runed translucent gate.
 66049 | Swamp:3  | Found a runed translucent gate.
 66050 | Swamp:3  | Found a runed translucent gate.
 66053 | Swamp:3  | Noticed Qehui's ghost (adept KoHu)
 68361 | Swamp:4  | Entered Level 4 of the Swamp
 68367 | Swamp:3  | Reached skill level 15 in Spellcasting
 68896 | Swamp:4  | Noticed Louise
 68904 | Swamp:4  | Killed Louise
 68929 | Swamp:4  | Reached XP level 20. HP: 130/158 MP: 0/0
 69525 | Swamp:4  | Reached skill level 15 in Evocations
 69878 | Swamp:4  | Noticed a bone dragon
 69945 | Swamp:4  | Killed a bone dragon
 70658 | Swamp:4  | Got a decaying rune of Zot
 71079 | Vaults:1 | Entered Level 1 of the Vaults
 72319 | Vaults:1 | Noticed Saint Roka
 73783 | Vaults:1 | Found Udaott's Jewellery Boutique.
 73843 | Vaults:1 | Bought the ring "Tyerghaomp" {rF++ rC+ rCorr Str+3} for 867
                  | gold pieces
 74655 | Vaults:1 | Slain by a vault warden

Illustrated notes

Levels and vault maps discovered:
D:1:      dpeg_arrival_renting, layout_basic, st_stairs_12
D:2:      layout_basic, shapermc_ecumenical_altar_starsandcircs,
          minmay_pentomino_pile, uniq_natasha, uniq_robin
D:3:      layout_rooms, serial_bayou_pond_d, chequers_mini_garden, uniq_grinder,
          uniq_terence
D:4:      layout_loops_corners, uniq_duvessa
D:5:      layout_basic, yredelemnul_altar_generic,
          minmay_temple_entry_mini_moons, amcnicky_mini_corridor_feature,
          uniq_sigmund, uniq_menkaure, uniq_blork_the_orc
D:6:      layout_cave_pools, makhleb_grotto_becter
D:7:      layout_cave_pools, minmay_overflow_temple_star_hex,
          kennysheep_generic_room_7
D:8:      layout_rooms, pdpol_wu_jian_five_deadly_venoms, lemuel_crystal_altar,
          grunt_lair_entry_orc_guard_hut, serial_shops, kennysheep_mini, shop,
          shop, shop, shop, uniq_maurice
D:9:      layout_cave_pods, grunt_temple_overflow_open, uniq_maggie, uniq_pikel
D:10:     layout_roguey, nicolae_trove_entry_path_of_doom, minivault_23
D:11:     layout_rooms, gauntlet_entry_generic
D:12:     layout_long_grid, orc_0_dummy
D:13:     layout_loops_ring, grunt_vaults_entry_fortified, serial_bayou_pond_e,
          minivault_19, hangedman_abyss_or_decor_slice, uniq_frances,
          uniq_erolcha
D:14:     layout_roguey, tso_altar, kiku_gazebo_pond_becter
D:15:     gammafunk_depths_entry_grave, layout_rooms,
          minmay_misc_feat_nine_boxes
Lair:1:   layout_cave_pods, hangedman_tree_tricks, grunt_megastairs_1,
          serial_bayou_shore_a, serial_bayou_shore_b, lemuel_fruit_tree
Lair:2:   layout_roguey, minmay_swamp_entry_worms,
          minmay_snake_entry_six_corridors, minivault_27, uniq_harold
Lair:3:   layout_hall_layers, enter_volcano_3, uniq_gastronok, uniq_fannar
Lair:4:   layout_gridlike, serial_forest, infiniplex_forest_lined_3_way,
          infiniplex_forest_clump_double, infiniplex_forest_straight_4,
          infiniplex_forest_end_1, grunt_megastairs_2, infiniplex_staircase_pool
Lair:5:   layout_roguey, beast_lair_carwin_4
Lair:6:   evilmike_catoblepas_cave, layout_loops_ring,
          dpeg_slime_entry_enclosed_altar, kennysheep_abandoned_house, uniq_urug
Swamp:1:  layout_basic_swamp, hangedman_swamp_cone, swamp_pool1, uniq_aizul
Swamp:2:  layout_basic_swamp, evilmike_swamp_ruin_house_1
Swamp:3:  layout_basic_swamp, gammafunk_ghost_necromancy,
          nicolae_swamp_tree_isthmus
Swamp:4:  swamp_pestilence, layout_basic_swamp, uniq_louise
Snake:1:  layout_layer_cave
Snake:2:  layout_onion_interference, basic_altar, nicolae_snake_linked_coils,
          serial_bayou_lake_a
Snake:3:  layout_rooms, grunt_ministairs_12, uniq_vashnia
Snake:4:  snake_pit_salamanders_mu, layout_onion, serial_shops, shop, shop,
          grunt_ministairs_6
Orc:1:    layout_diamond_mine
Orc:2:    st_orc_mages, layout_caves, uniq_donald, uniq_rupert
Vaults:1: v_misc_22, hangedman_vaults_stream, nicolae_vaults_puzzle_piece,
          nicolae_vaults_what_the_h, vaults_room_door_hall, vaults_mumra_hex,
          vaults_dpeg_ring, v_misc_3, nicolae_vaults_meeting,
          hangedman_vaults_impose, vaults_room_pools, vaults_room_pool,
          layout_vaults_big_room, serial_shops, shop, uniq_saint_roka

Skill      XL: |  1  2  3  4  5  6  7  8  9 10 11 12 13 14 15 16 17 18 19 20 |
---------------+-------------------------------------------------------------+-----
Stealth        | 2 |  2.0
Fighting       | 1 2 3 4 6 7 9 10 12 15 16 17 18 | 18.9
Spellcasting   | 4 5 6 7 8 9 10 10 12 13 14 15 | 15.0
Throwing       | 2 |  2.0
Short Blades   | 3 4 6 7 |  7.8
Evocations     | 3 4 6 8 10 12 13 14 15 | 15.0
Armour         | 2 3 5 6 7 |  7.0
Dodging        | 4 8 9 10 | 10.0
Shields        | 4 6 8 |  8.8

Action                   |  1- 3 |  4- 6 |  7- 9 | 10-12 | 13-15 | 16-18 | 19-21 || total
-------------------------+-------+-------+-------+-------+-------+-------+-------++-------
Melee: Hand axe          |     2 |       |       |       |       |       |       ||     2
       Dagger            |     1 |     8 |     8 |       |       |       |       ||    17
       Short sword       |     1 |       |       |       |       |       |       ||     1
       Rapier            |       |       |     6 |    60 |    67 |    17 |   137 ||   287
Throw: Dart              |       |       |     2 |    23 |     3 |       |       ||    28
 Cast: Freeze            |    54 |    55 |    46 |    94 |   258 |   258 |   242 ||  1007
       Frozen Ramparts   |     5 |    20 |    31 |    27 |    60 |    96 |    36 ||   275
       Ozocubu's Armour  |     1 |     1 |     8 |    14 |    51 |    27 |    21 ||   123
       Hailstorm         |       |     2 |    27 |   137 |    38 |   374 |   187 ||   765
       Static Discharge  |       |     3 |    24 |     4 |     1 |       |       ||    32
       Searing Ray       |       |       |     4 |       |       |       |       ||     4
       Leda's Liquefacti |       |       |       |     1 |       |       |       ||     1
       Fulminant Prism   |       |       |       |       |   186 |   106 |    90 ||   382
       Metabolic Englaci |       |       |       |       |     9 |     6 |    20 ||    35
       Silence           |       |       |       |       |     1 |       |     1 ||     2
       Corona            |       |       |       |       |     2 |       |       ||     2
       Dispersal         |       |       |       |       |     1 |     9 |     8 ||    18
Invok: Lunge             |       |     5 |     8 |     2 |     4 |     2 |     2 ||    23
       Whirlwind         |       |       |     1 |    10 |    12 |     8 |    15 ||    46
Evoke: Wand              |       |     2 |     7 |    22 |    26 |     2 |    23 ||    82
       Tin of tremorston |       |       |       |     1 |     6 |     5 |     4 ||    16
       Box of beasts     |       |       |       |       |       |       |     2 ||     2
  Use: Scroll            |       |     8 |     2 |    14 |    13 |     2 |    11 ||    50
       Potion            |       |     2 |     2 |       |     1 |     3 |     8 ||    16
 Stab: Sleeping          |       |     1 |     1 |       |       |     2 |     1 ||     5
       Paralysed         |       |       |     3 |     5 |     2 |       |     9 ||    19
       Distracted        |       |       |       |     1 |       |       |       ||     1
       Petrified         |       |       |       |     6 |       |       |       ||     6
Armor: Robe              |     9 |     3 |    36 |     5 |    12 |       |       ||    65
       Ring mail         |       |     4 |       |       |       |       |       ||     4
       Skin              |       |    13 |       |       |       |       |       ||    13
       Leather armour    |       |       |       |    90 |   146 |    73 |    56 ||   365
Dodge: Dodged            |    37 |    25 |    56 |   120 |   319 |   478 |   373 ||  1408
Block: Buckler           |       |       |       |     1 |    99 |   140 |   185 ||   425

Table legend: (Time is in decaauts)
 A = Elapsed time spent in this place.
 B = Non-inter-level travel time spent in this place.
 C = Inter-level travel time spent in this place.
 D = Time resting spent in this place.
 E = Time spent auto-exploring this place.
 F = Levels seen in this place.
 G = Mean time per level.
                   A        B        C        D        E       F      G
               +--------+--------+--------+--------+--------+-----+--------+
         Total |  74722 |  71342 |   3380 |  42273 |  19169 |  32 | 2335.1 |
       Dungeon |  29848 |  28254 |   1594 |  15161 |   9043 |  15 | 1989.9 |
          Lair |  15348 |  14437 |    911 |   7688 |   4776 |   6 | 2558.0 |
         Swamp |   8191 |   7930 |    261 |   4989 |   1862 |   4 | 2047.8 |
     Snake Pit |  16565 |  16172 |    393 |  11661 |   2556 |   4 | 4141.2 |
  Orcish Mines |   3479 |   3260 |    219 |   1962 |    780 |   2 | 1739.5 |
        Vaults |   1288 |   1288 |      0 |    811 |    152 |   1 | 1288.0 |
               +--------+--------+--------+--------+--------+-----+--------+

Top non-repeatable levels by time:
 Snake:2: 5950 daAuts
    D:13: 5708 daAuts
 Snake:4: 4923 daAuts
  Lair:2: 3920 daAuts
 Snake:3: 3405 daAuts
  Lair:6: 2968 daAuts
  Lair:5: 2866 daAuts
    D:14: 2693 daAuts
  Lair:1: 2681 daAuts
    D:12: 2449 daAuts
     D:1: 2370 daAuts
 Swamp:1: 2337 daAuts
 Swamp:3: 2297 daAuts
 Snake:1: 2286 daAuts
     D:5: 2022 daAuts
